 Dungeon Crawl Stone Soup version 0.24.1-4-ge52af88ad5 (webtiles) character file.

Game seed: 8377127122859694130, levelgen mode: deterministic

46 Descartes the Ducker (level 3, -2/17 HPs)
             Began as a Felid Monk on Apr 12, 2020.
             Slain by a worm (11 damage)
             ... on level 3 of the Dungeon.
             The game lasted 00:02:06 (2910 turns).

Descartes the Ducker (Felid Monk)                   Turns: 2910, Time: 00:02:07

Health: -2/17      AC:  1    Str:  7    XL:     3   Next: 44%
Magic:  4/4        EV: 20    Int: 11    God:
Gold:   108        SH:  0    Dex: 19    Spells: 2/2 levels left
                                        Lives:  0   Deaths: 0

rFire    . . .     SeeInvis +     - Unarmed
rCold    . . .     Gourm    .   (shield unavailable)
rNeg     . . .     Faith    .   (armour unavailable)
rPois    .         Spirit   .   (helmet unavailable)
rElec    .         Reflect  .   (cloak unavailable)
rCorr    .         Harm     .   (gloves unavailable)
MR       .....                  (boots unavailable)
Stlth    +++.......             (no amulet)
HPRegen  0.05/turn              (no ring)
MPRegen  0.09/turn              (no ring)

@: quick
A: very small, no armour, no weapons or thrown items, stealth, claws 1, fangs 3,
see invisible, carnivore, speed 1, shaggy fur 1, slow metabolism 1, sharp paws
a: no special abilities


You were on level 3 of the Dungeon.
You were very full.

You visited 1 branch of the dungeon, and saw 3 of its levels.

You collected 108 gold pieces.

Inventory:

Scrolls
 c - 3 scrolls of identify {unknown}
 f - a scroll of remove curse {unknown}
 j - 3 scrolls of enchant weapon {unknown}
 k - a scroll of immolation {unknown}
 l - a scroll of amnesia {unknown}
Potions
 b - a potion of lignification {unknown}
 d - a potion of mutation {unknown}
 e - 2 potions of invisibility {unknown}
 g - a potion of agility {unknown}
 h - 3 potions of heal wounds {unknown}
 i - a potion of berserk rage {unknown}
Comestibles
 a - 4 rations


   Skills:
 + Level 3.3 Fighting
 + Level 4.4 Dodging
 + Level 3.4 Stealth
 * Level 3.6 Unarmed Combat


You had 2 spell levels left.
You didn't know any spells.
Your spell library was empty.

Dungeon Overview and Level Annotations

Branches:
Dungeon (3/15)

Altars:
Cheibriados


Innate Abilities, Weirdness & Mutations

You cannot wear armour.
You are incapable of wielding weapons or throwing items.
Your paws allow you to move quietly. (Stealth)
You have sharp claws.
You have razor-sharp teeth.
You have supernaturally acute eyesight. (SInv)
You are carnivorous and can eat meat at any time.
You cover ground quickly.
You are covered in fur. (AC +1)
You have a slow metabolism.
Your sharp claws are effective at attacking unaware monsters.


Message History

You scratch the hobgoblin.
You kill the hobgoblin!
You see here a hobgoblin corpse.
You butcher the hobgoblin corpse.
Things that are here:
3 chunks of flesh; a hobgoblin skeleton You scratch the worm but do no damage.
You scratch the worm but do no damage. The worm bites you.
You barely miss the worm. You bite the worm.
The worm is moderately wounded.
You scratch the worm.
The worm is heavily wounded.
The worm barely misses you.
You scratch the worm. Your bite misses the worm.
The worm is heavily wounded.
You scratch the worm.
The worm is almost dead.
The worm bites you!
Ouch! That really hurt!
You die...

..#.#.### .##
......#.. ..#
........####..#
......^.#..#..#
........+.<...#.##
........##.......#
##.............#
###..............#
......w@.........#
.................#
...................
.................##
..................
###..............
#.....!....!..
#.......##...


You could see a worm.

Vanquished Creatures
  An adder (D:2)
  A worm (D:2)
  3 dart slugs
  A leopard gecko (D:1)
  4 giant cockroaches
  4 hobgoblins
  4 kobolds
  A ball python (D:1)
  A bat (D:1)
  A frilled lizard (D:2)
  4 goblins (D:1)
  2 rats (D:1)
27 creatures vanquished.

Notes
Turn   | Place    | Note
-------+----------+-------------------------------------------
     0 | D:1      | Descartes the Felid Monk began the quest for the Orb.
     0 | D:1      | Reached XP level 1. HP: 10/10 MP: 2/2
   608 | D:1      | Reached XP level 2. HP: 14/14 MP: 3/3
  2131 | D:2      | Reached XP level 3. HP: 17/17 MP: 4/4
  2271 | D:2      | Found a snail-covered altar of Cheibriados.
  2910 | D:3      | Slain by a worm

Levels and vault maps discovered:
D:1:      sevenhm_arrival_forest_fort_small_6, layout_basic
D:2:      layout_basic, kennysheep_slug_shrine, grunt_ministairs_1
D:3:      layout_basic, okawaru_metal_pillars_1_2, biasface_ghost_orc_armoury,
          uniq_crazy_yiuf_cottage, uniq_terence

Skill      XL: |  1 |
---------------+----+-----
Stealth        | 3 |  3.4
Fighting       | |  3.3
Dodging        | |  4.4
Unarmed Combat | |  3.6

Action                   || total
-------------------------++-------
Melee: Unarmed           ||    96
       Bite              ||     7
       Punch             ||     2
 Stab: Sleeping          ||     7
  Eat: Chunk             ||    10
Armor: Skin              ||     1
Dodge: Dodged            ||    41
